 Dungeon Crawl Stone Soup version 0.21-a0-519-gb765982 (webtiles) character file.

25 slep the Skirmisher (level 2, 0/24 HPs)
             Began as a Demonspawn Monk on Dec 5, 2017.
             Slain by a worm (8 damage)
             ... on level 2 of the Dungeon.
             The game lasted 00:02:41 (697 turns).

slep the Skirmisher (Demonspawn Monk)                Turns: 697, Time: 00:02:42

Health: 0/24       AC:  6    Str: 11    XL:     2   Next: 82%
Magic:  2/2        EV: 10    Int: 11    God:
Gold:   109        SH:  0    Dex: 15    Spells: 1/1 levels left

rFire    . . .     SeeInvis .   a - +0 hand axe
rCold    . . .     Gourm    .   (no shield)
rNeg     . . .     Faith    .   g - +0 scale mail
rPois    .         Spirit   .   (no helmet)
rElec    .         Reflect  .   (no cloak)
rCorr    .         Harm     .   (no gloves)
MR       .....                  (no boots)
Stlth    ..........             (no amulet)
HPRegen  0.08/turn              (no ring)
MPRegen  0.08/turn              (no ring)

@: no status effects
A: hooves 1
a: no special abilities


You were on level 2 of the Dungeon.
You were not hungry.

You visited 1 branch of the dungeon, and saw 2 of its levels.

You collected 109 gold pieces.

Inventory:

Hand Weapons
 a - a +0 hand axe (weapon)
Armour
 b - a +0 robe
 g - a +0 scale mail (worn)
Scrolls
 f - 3 scrolls of enchant armour {unknown}
 h - 3 scrolls of teleportation {unknown}
 l - a scroll of identify {unknown}
 m - a scroll of blinking {unknown}
Potions
 d - 2 potions of ambrosia {unknown}
 e - 2 potions of curing {unknown}
 j - a potion of haste {unknown}
 k - a potion of agility {unknown}
Comestibles
 c - 2 bread rations
 i - a meat ration


   Skills:
 + Level 3.2 Fighting
 + Level 3.0 Axes
 + Level 3.2 Dodging
 + Level 1.7 Stealth


You had one spell level left.
You didn't know any spells.

Dungeon Overview and Level Annotations

Branches:
Dungeon (2/15)

Altars:


Innate Abilities, Weirdness & Mutations

You have large cloven feet.


Message History

You see here a quokka corpse.
You now have 99 gold pieces (gained 10).
Found a hand crossbow.
Found a robe.
You now have 109 gold pieces (gained 10).
A worm comes into view.
Found a mace.
The worm bites you but does no damage.
You hit the worm.
The worm is lightly wounded.
The worm closely misses you.
You hit the worm.
The worm is lightly wounded.
You hit the worm. Your kick misses the worm.
The worm is moderately wounded.
The worm bites you.
You hit the worm. You kick the worm.
The worm is severely wounded.
The worm bites you!
You die...

#...................
##.#.#..#.##.....
...(...†.........
##.###.....#.######
#.####.#.....[.... #
............###
.).#..>.#.....#
.........#####.##
.#......(..@w)..#
#...#...#####..#
......... #
#..##.... #. #..[..
# #..... #.#.#.#
#.#.


You could see a worm.

Vanquished Creatures
  A worm (D:2)
  A dart slug (D:1)
  3 bats (D:1)
  3 giant cockroaches (D:1)
  3 goblins (D:1)
  2 hobgoblins (D:1)
  A kobold (D:1)
  A quokka (D:2)
  A ball python (D:1)
  A frilled lizard (D:2)
  A rat (D:1)
18 creatures vanquished.

Notes
Turn   | Place    | Note
-------+----------+-------------------------------------------
     0 | D:1      | slep the Demonspawn Monk began the quest for the Orb.
     0 | D:1      | Reached XP level 1. HP: 18/18 MP: 1/1
   283 | D:1      | Gained mutation: You have large cloven feet. [demonic ancestry]
   283 | D:1      | Reached XP level 2. HP: 6/24 MP: 2/2
   697 | D:2      | Slain by a worm

Vault maps used:
D:1:      sevenhm_arrival_forest_fort_large_2, minivault_5
D:2:      lemuel_doored_altar, kiku_gazebo_garden_becter, uniq_sigmund,
          uniq_jessica, uniq_crazy_yiuf_cottage, uniq_natasha

Skill      XL: |  1  2 |
---------------+-------+-----
Dodging        | 3 |  3.2
Axes           | 3 |  3.0
Fighting       | |  3.2
Stealth        | |  1.7

Action                   || total
-------------------------++-------
Melee: Hand axe          ||    69
       Kick              ||     7
Armor: Scale mail        ||    48
Dodge: Dodged            ||    40

Table legend:
 A = Spawn XP
 B = Non-spawn XP
 C = Spawn XP percentage of total XP
 D = Spawn monster count
 E = Non-spawn monster count
 F = Spawn count percentage of total count
 G = Total turns spent on level
                    A         B        C        D         E        F      G
               +---------+---------+-------+---------+---------+-------+---------
         Total |       0 |      36 |   0.0 |       0 |      18 |   0.0 |   697
               +---------+---------+-------+---------+---------+-------+---------
           D:1 |       0 |      28 |   0.0 |       0 |      15 |   0.0 |   653
           D:2 |       0 |       8 |   0.0 |       0 |       3 |   0.0 |    44
               +---------+---------+-------+---------+---------+-------+---------
